 Dungeon Crawl Stone Soup version 0.28.0-43-g3370ac3207 (webtiles) character file.

Game seed: 17217226069743541243

57 TheDeanity the Cudgeller (level 3, -2/37 HPs)
             Began as a Troll Fighter on Mar 16, 2022.
             Slain by Crazy Yiuf
             ... wielding a +4 quarterstaff of chaos
              (18 damage)
             ... on level 2 of the Dungeon.
             The game lasted 00:02:31 (1147 turns).

TheDeanity the Cudgeller (Troll Fighter)            Turns: 1147, Time: 00:02:32

Health: -2/37      AC:  4    Str: 26    XL:     3   Next: 73%
Magic:  2/2        EV: 10    Int:  4    God:
Gold:   65         SH:  0    Dex:  9    Spells: 2/2 levels left

rFire   . . .      SeeInvis .   f - +1 quarterstaff (speed)
rCold   . . .      Faith    .   (shield currently unavailable)
rNeg    . . .      Spirit   .   b - +0 robe
rPois   .          Reflect  .   (helmet restricted)
rElec   .          Harm     .   g - scarf {repulsion}
rCorr   .          Rampage  .   (gloves unavailable)
Will    .....                   (boots unavailable)
Stlth   +.........              n - amulet of regeneration
HPRegen 1.72/turn               (no ring)
MPRegen 0.08/turn               (no ring)

@: mighty, hasted, repel missiles, very quick
A: large, unfitting armour, claws 3, regeneration 1, shaggy fur 1, tough skin 1
a: no special abilities


You were on level 2 of the Dungeon.
You visited 1 branch of the dungeon, and saw 2 of its levels.

You collected 65 gold pieces.

Inventory:

Hand Weapons
 a - a +0 flail
 f - a +1 quarterstaff of speed (weapon)
Armour
 b - a +0 robe (worn)
 c - a +0 kite shield
 g - a scarf of repulsion (worn)
Jewellery
 n - an amulet of regeneration (around neck)
Scrolls
 e - a scroll of fear
 h - a scroll of blinking
 i - a scroll of fog
 m - a scroll of enchant armour {unknown}
Potions
 d - a potion of might
 j - a potion of curing {unknown}
 k - a potion of lignification {unknown}
 o - a potion of heal wounds {unknown}


   Skills:
 + Level 3.0 Fighting
 * Level 3.2 Maces & Flails
 - Level 2.4 Dodging
 - Level 2.4 Shields


You had 2 spell levels left.
You didn't know any spells.
Your spell library was empty.

Dungeon Overview and Level Annotations

Branches:
Dungeon (2/15)

Altars:

Annotations:
D:2 Crazy Yiuf


Innate Abilities, Weirdness & Mutations

You are too large for most types of armour.
You have claws for hands.
Your natural rate of healing is unusually fast.
You are covered in fur. (AC +1)
You have tough skin. (AC +1)


Message History

The adder closely misses you.
You miss the adder.
The adder is heavily wounded.
The adder misses you.
You closely miss the adder.
The adder is heavily wounded.
The adder closely misses you.
You closely miss the adder.
The adder is heavily wounded.
The adder barely misses you.
You sock the adder!
You kill the adder!
Your Fighting skill increases to level 3!
No target in view!
You now have 65 gold pieces (gained 11).
o - a puce potion
Found a pitted mace.
Found a runed translucent door.
As you read the scroll labelled ISUSSOUSAWA, it crumbles to dust.
It is a scroll of identify.
e - a scroll of fear
As you read the scroll of identify, it crumbles to dust.
h - a scroll of blinking
As you read the scroll of identify, it crumbles to dust.
i - a scroll of fog
Press: ? - help, v - describe, . - travel
Here: Crazy Yiuf, wielding a +4 quarterstaff of chaos and wearing a +0 cloak (fire blocked by a runed translucent door)
The floor.
Unknown command.
You feel very mighty all of a sudden.
You open the door. You completely miss Crazy Yiuf.
Crazy Yiuf hits you with a +4 quarterstaff of chaos!
You feel yourself speed up.
You bludgeon Crazy Yiuf!!
Crazy Yiuf is almost dead.
You barely miss Crazy Yiuf.
Crazy Yiuf is almost dead.
Crazy Yiuf hits you with a +4 quarterstaff of chaos!
You are electrocuted!!
You die...

.# #########
.###.......#
...........#
...........#
#####
...#.......#
#..)#
...........#
#...#
...#.......#
...
...........#
#g#
...#.......#
♣♣@♣
...#########
♣.♣♣ ...#
♣♣.♣
...#########
♣.♣♣
...........#
♣♣.♣♣
..########.#
♣...♣♣ ..#
#.# ♣....♣
..# #.#
#....# ..#
#.###....#


You could see Crazy Yiuf.

Vanquished Creatures
  3 adders (D:2)
  A dart slug (D:1)
  2 bats
  5 endoplasms
  2 giant cockroaches
  4 goblins
  2 hobgoblins
  2 quokkas
  A ball python (D:2)
  A frilled lizard (D:2)
  A kobold (D:1)
  A rat (D:2)
25 creatures vanquished.

Notes
Turn   | Place    | Note
-------+----------+-------------------------------------------
     0 | D:1      | TheDeanity the Troll Fighter began the quest for the Orb.
     0 | D:1      | Reached XP level 1. HP: 22/22 MP: 0/0
   183 | D:1      | Found a faded altar of an unknown god.
   327 | D:1      | Reached XP level 2. HP: 29/29 MP: 1/1
   709 | D:2      | Reached XP level 3. HP: 36/36 MP: 2/2
  1136 | D:2      | Found a runed translucent door.
  1137 | D:2      | Noticed Crazy Yiuf
  1147 | D:2      | Slain by Crazy Yiuf

Illustrated notes

Levels and vault maps discovered:
D:1:      heliophobic_arrival_enchanted_forest, layout_loops_ring,
          dreamdust_ecumenical_altar_statues
D:2:      layout_basic, uniq_crazy_yiuf_cottage

Skill      XL: |  1  2  3 |
---------------+----------+-----
Maces & Flails | 2 3 |  3.2
Fighting       | 3 |  3.0
Dodging        | |  2.4
Shields        | |  2.4

Action                   || total
-------------------------++-------
Melee: Quarterstaff      ||    72
       Unarmed           ||     8
  Use: Scroll            ||     3
       Potion            ||     1
Armor: Robe              ||    15
Dodge: Dodged            ||    23
Block: Kite shield       ||     2
